 Dungeon Crawl Stone Soup version 0.20-a0-893-g832831a (webtiles) character file.

185 George the Sneak (level 5, 0/25 HPs)
             Began as a Spriggan Assassin on Mar 16, 2017.
             Killed from afar by an orc wizard (5 damage)
             ... with a puff of flame
             ... on level 4 of the Dungeon.
             The game lasted 00:06:00 (3430 turns).

George the Sneak (Spriggan Assassin)                Turns: 3430, Time: 00:06:01

Health: 0/25       AC:  3    Str:  7    XL:     5   Next: 37%
Magic:  6/6        EV: 20    Int: 13    God:
Gold:   228        SH:  0    Dex: 18    Spells: 4/4 levels left

rFire    . . .     SeeInvis +   A - +4 dagger
rCold    . . .     Gourm    .   c - +0 robe
rNeg     . . .     Faith    .   (shield restricted)
rPois    .         Spirit   .   (helmet restricted)
rElec    .         Reflect  .   d - +0 cloak
rCorr    .         Harm     .   (gloves unavailable)
MR       .....                  (boots unavailable)
Stlth    ++++......             (no amulet)
Regen    0.1/turn               (no ring)
MPRegen  0.1/turn               (no ring)

@: very quick
A: unfitting armour, see invisible, herbivore 3, speed 3, slow metabolism 2
a: no special abilities


You were on level 4 of the Dungeon.
You were hungry.

You visited 1 branch of the dungeon, and saw 4 of its levels.

You collected 228 gold pieces.

Inventory:

Hand Weapons
 a - a +2 dagger
 b - a +0 blowgun
 A - a +4 dagger (weapon)
Missiles
 e - 8 poisoned needles
 f - 2 curare-tipped needles
Armour
 c - a +0 robe (worn)
 d - a +0 cloak (worn)
Jewellery
 o - an uncursed ring of fire
Scrolls
 j - 3 scrolls of identify {unknown}
 q - a scroll of fear {unknown}
 r - a scroll of immolation {unknown}
 s - a scroll of random uselessness {unknown}
 t - a scroll of remove curse {unknown}
 x - a scroll of teleportation {unknown}
 y - a scroll of noise {unknown}
Potions
 h - a potion of heal wounds {unknown}
 k - a potion of cancellation {unknown}
 l - a potion of brilliance {unknown}
 m - a potion of lignification {unknown}
 p - a potion of haste {unknown}
 u - 2 potions of ambrosia {unknown}
 v - a potion of agility {unknown}
 w - a potion of flight {unknown}
 z - a potion of mutation {unknown}
Comestibles
 g - 4 bread rations
 i - 2 royal jellies
 n - 2 fruits


   Skills:
 - Level 1.5 Fighting
 + Level 3.8 Short Blades
 - Level 2.0 Throwing
 + Level 4.9 Dodging
 + Level 7.4 Stealth


You had 4 spell levels left.
You didn't know any spells.

Dungeon Overview and Level Annotations

Branches:
Dungeon (4/15)
 Temple: D:4-7

Altars:
Cheibriados
Dithmenos
Fedhas
Okawaru
Trog


Innate Abilities, Weirdness & Mutations

You are very small and have problems with some larger weapons.
You are too small for most types of armour.
You have supernaturally acute eyesight. (SInv)
You are a herbivore.
You cover ground extremely quickly.
You need consume almost no food.


Message History

The orc wizard completely misses you.
You hit the orc wizard.
The orc wizard is heavily wounded.
You hit the orc wizard.
The orc wizard is almost dead.
The orc wizard mumbles some strange words.
The orc wizard flickers and vanishes for a moment.
You closely miss the orc wizard.
The orc wizard is almost dead.
The orc wizard hits you with a dagger.
You closely miss the orc wizard.
The orc wizard is almost dead.
The orc wizard points at you and mumbles some strange words.
The puff of flame hits you!
* * * LOW HITPOINT WARNING * * *
You hit the orc wizard.
The orc wizard is almost dead.
The orc wizard gestures at you while chanting.
The puff of flame hits you!
You die...

#......<†#
#.########
#.#
####.#######
#...........
#.##.#######
#..)..[.....
#o.#.!......
#@.#########
#.........
##.#######
#.# #.# #.#
#.# #.#


You could see an orc wizard (invisible).

Vanquished Creatures
  Crazy Yiuf (D:2)
  An iguana (D:3)
  3 gnolls (D:3)
  3 adders
  3 dart slugs
  3 worms (D:3)
  A leopard gecko (D:2)
  2 orcs (D:4)
  4 giant cockroaches
  3 goblins
  5 hobgoblins
  7 jackals (D:2)
  8 kobolds
  A quokka (D:2)
  3 ball pythons
  7 bats
  6 frilled lizards
  8 rats
69 creatures vanquished.

Notes
Turn   | Place    | Note
-------+----------+-------------------------------------------
     0 | D:1      | George the Spriggan Assassin began the quest for the Orb.
     0 | D:1      | Reached XP level 1. HP: 10/10 MP: 2/2
    37 | D:1      | Reached skill level 6 in Stealth
   266 | D:1      | Reached XP level 2. HP: 14/14 MP: 3/3
   802 | D:2      | Found an iron altar of Okawaru.
   876 | D:2      | Reached XP level 3. HP: 18/18 MP: 4/4
  1202 | D:2      | Found a shadowy altar of Dithmenos.
  1269 | D:2      | Found a snail-covered altar of Cheibriados.
  1402 | D:2      | Found a runed door.
  1806 | D:2      | Noticed Crazy Yiuf
  1811 | D:2      | Killed Crazy Yiuf
  1811 | D:2      | Reached XP level 4. HP: 22/22 MP: 5/5
  1849 | D:3      | Found a bloodstained altar of Trog.
  2547 | D:3      | Reached skill level 7 in Stealth
  2646 | D:3      | Reached XP level 5. HP: 15/25 MP: 6/6
  3228 | D:3      | Found a blossoming altar of Fedhas.
  3430 | D:4      | Killed from afar by an orc wizard

Vault maps used:
D:1:      shiori_arrival_maze
D:2:      lemuel_coloured_pillars_altar, lemuel_crystal_altar,
          kennysheep_slug_shrine, uniq_crazy_yiuf_cottage
D:3:      bloody_trog, fedhas_altar_2, first_bread, grunt_decor_one_mirror,
          kennysheep_generic_room_5
D:4:      minmay_temple_entry_hall

Skill      XL: |  1  2  3  4 |
---------------+-------------+-----
Stealth        | 6 7 |  7.4
Dodging        | 2 3 4 |  4.9
Short Blades   | 3 |  3.8
Fighting       | |  1.5
Throwing       | |  2.0

Action                   |  1- 3 |  4- 6 || total
-------------------------+-------+-------++-------
Melee: Dagger            |   143 |   169 ||   312
 Fire: Blowgun           |       |     2 ||     2
 Stab: Sleeping          |    14 |     8 ||    22
Armor: Robe              |    14 |    11 ||    25
Dodge: Dodged            |   104 |   123 ||   227
